 Dungeon Crawl Stone Soup version 0.25.1-2-g60ff931df9 (webtiles) character file.

Game seed: 10075382690460953414

88 hawla the Conjurer (level 4, 0/33 HPs)
             Began as a Draconian Conjurer on Nov 16, 2020.
             Succumbed to an adder's poison
             ... on level 2 of the Dungeon on Nov 17, 2020.
             The game lasted 00:07:31 (2341 turns).

hawla the Conjurer (Draconian Conjurer)             Turns: 2341, Time: 00:07:32

Health: 0/33       AC:  5    Str: 10    XL:     4   Next: 30%
Magic:  0/9        EV: 12    Int: 17    God:
Gold:   41         SH:  0    Dex: 11    Spells: 0/10 levels left

rFire    . . .     SeeInvis .   c - +2 dagger (freeze)
rCold    . . .     Gourm    .   (no shield)
rNeg     . . .     Faith    .   (armour unavailable)
rPois    .         Spirit   .   (helmet restricted)
rElec    .         Reflect  .   (no cloak)
rCorr    .         Harm     .   (no gloves)
MR       .....                  (no boots)
Stlth    ++........             (no amulet)
HPRegen  0.11/turn              (no ring)
MPRegen  0.11/turn              (no ring)

@: lethally poisoned (0 -> -2)
A: unfitting armour, cold-blooded, AC +5
a: no special abilities


You were on level 2 of the Dungeon.
You were hungry.

You visited 1 branch of the dungeon, and saw 2 of its levels.

You collected 41 gold pieces.

Inventory:

Hand Weapons
 c - a +2 dagger of freezing (weapon)
Scrolls
 e - a scroll of identify
Comestibles
 a - a chunk of flesh
 b - 3 rations


   Skills:
 - Level 0.1 Fighting
 - Level 0.1 Throwing
 - Level 1.7 Dodging
 - Level 1.7 Stealth
 * Level 3.8 Spellcasting
 + Level 4.2 Conjurations
 - Level 0.7 Hexes
 + Level 0.3 Translocations


You couldn't memorise any spells.
You knew the following spells:

 Your Spells              Type           Power        Failure   Level  Hunger
a - Magic Dart            Conj           ###.         2%          1    None
b - Searing Ray           Conj           ###...       4%          2    ##.....
c - Dazzling Flash        Conj/Hex       ##....       17%         3    ###....
d - Iskenderun's Mystic   Conj/Tloc      ##......     52%         4    ####...

Your spell library contained the following spells:

 Spells                   Type           Power        Failure   Level  Hunger
 Fulminant Prism          Conj/Hex       ##........   50%         4    ####...


Dungeon Overview and Level Annotations

Branches:
Dungeon (2/15)

Altars:


Innate Abilities, Weirdness & Mutations

Your plain brown scales are hard. (AC +5)
You cannot fit into any form of body armour.
You are cold-blooded and may be slowed by cold attacks.


Message History

You aren't carrying any potions.
* * * LOW HITPOINT WARNING * * *
You feel sick.
* * * LOW HITPOINT WARNING * * *
You feel sick.
Casting: Magic Dart (safe; 2% risk of failure)
Confirm with . or Enter, or press ? or * to list all spells.
Aiming: Magic Dart (safe; 2% risk of failure)
Press: ? - help, Shift-Dir - straight line, f - quokka
Aim: a quokka The magic dart hits the quokka.
The quokka is lightly wounded.
The quokka completely misses you.
* * * LOW HITPOINT WARNING * * *
You feel sick. The quokka barely misses you.
* * * LOW HITPOINT WARNING * * *
You feel sick.
Found a stone staircase leading down.
You die...

.,,*+#.#...........>,**,***,*
.,,,,..........#.#.*,**,,,,,*
.,,,,.............,,,********
.,,,,,.........#.###**
.####*+#...........,,*
....##+#.......#.#,*,*
..........#.##...#,*,*
†.........r...r..#,*,*
†.).........##.#@#**,*
..........####.#.....#
.............#.####..#
........#...##.# *,.#
....##+##..>+#.#***,,#
####..,*#...##..,,,,,* *
##...##÷######***,** *
#..........# *,*
**#..........# *,*


You could see a quokka and a rat.

Vanquished Creatures
  Jessica (D:2)
  2 adders (D:2)
  A dart slug (D:1)
  A leopard gecko (D:1)
  A ball python (D:1)
  7 bats
  3 giant cockroaches
  A goblin (D:1)
  9 hobgoblins
  4 frilled lizards (D:1)
  6 kobolds
  7 rats
43 creatures vanquished.

Notes
Turn   | Place    | Note
-------+----------+-------------------------------------------
     0 | D:1      | hawla the Draconian Conjurer began the quest for the Orb.
     0 | D:1      | Reached XP level 1. HP: 14/14 MP: 3/3
   487 | D:1      | Reached XP level 2. HP: 20/20 MP: 2/5
   491 | D:1      | Learned a level 2 spell: Searing Ray
  1163 | D:1      | Reached XP level 3. HP: 26/26 MP: 4/7
  1218 | D:1      | Learned a level 3 spell: Dazzling Flash
  1811 | D:2      | Noticed Jessica
  1829 | D:2      | Killed Jessica
  1837 | D:2      | Reached XP level 4. HP: 33/33 MP: 0/9
  1920 | D:2      | Learned a level 4 spell: Iskenderun's Mystic Blast
  2338 | D:2      | HP: 1/33 [poisoned by an adder]
  2341 | D:2      | Succumbed to an adder's poison

Illustrated notes

Levels and vault maps discovered:
D:1:      onia_arrival_mini_maze, layout_basic
D:2:      layout_basic, nicolae_tso_swordbearing_angel,
          nicolae_dithmenos_through_a_glass_darkly, first_ration, uniq_jessica

Skill      XL: |  1  2 |
---------------+-------+-----
Spellcasting   | 3 |  3.8
Fighting       | |  0.1
Throwing       | |  0.1
Dodging        | |  1.7
Stealth        | |  1.7
Conjurations   | |  4.2
Hexes          | |  0.7
Translocations | |  0.3

Action                   |  1- 3 |  4- 6 || total
-------------------------+-------+-------++-------
Melee: Unarmed           |    12 |       ||    12
       Dagger            |     1 |    14 ||    15
 Cast: Magic Dart        |    48 |     6 ||    54
       Searing Ray       |    12 |     1 ||    13
       Dazzling Flash    |       |     2 ||     2
  Use: Scroll            |     3 |     1 ||     4
  Eat: Chunk             |     4 |     1 ||     5
Armor: Skin              |    10 |    21 ||    31
Dodge: Dodged            |    30 |    47 ||    77
